Map: Катализатор РВ

Players

Lambo - Winner!

  • Race: Zerg Zerg
  • Spawn Location: 5:00

Elazer

  • Race: Zerg Zerg
  • Spawn Location: 11:00

Event: WESG 2017 Haikou

VOD

Have the link to the VOD?

Description

Time

  • Played on: March 15, 2018, 10:17 p.m.
  • Length: 6:52

All games in this series

Show
View Real Time Build Order
Export as new Build Order

Lambo Zerg - Winner!

Build Orders: Hatch First 

Get SALT Encoding   

  12  0:00  Drone  
  13  0:13  Overlord  
  13  0:19  Drone  
  14  0:32  Drone x2  
  16  0:49  Hatchery  
  15  0:51  Drone  
  15  0:55  Drone  
  17  0:59  Drone  
  18  1:08  Extractor  
  17  1:13  Spawning Pool  
  17  1:16  Drone  
  17  1:20  Drone  
  18  1:29  Drone  
  19  1:41  Drone  
  20  1:51  Overlord  
  20  2:00  Queen x2  
  24  2:02  Drone x2  
  26  2:13  Drone x2  
  28  2:22  Drone  
  29  2:25  Drone  
  30  2:36  Overlord  
  31  2:37  Drone, Queen  
  31  2:38  Lair  
  33  2:45  Drone x2  
  35  2:55  Evolution Chamber  
  35  2:57  Drone x2  
  35  2:58  Extractor  
  35  3:05  Drone, Roach Warren  
  36  3:06  Drone  
  36  3:08  Drone  
  36  3:09  Drone  
  36  3:10  Drone  
  39  3:20  Zerg Missile Weapons Level 1  
  39  3:21  Overlord  
  39  3:28  Queen  
  41  3:45  Glial Reconstitution  
  41  3:46  Roach x5  
  51  3:53  Overlord  
  51  3:57  Overlord  
  51  4:05  Overlord  
  51  4:11  Queen  
  51  4:12  Overlord  
  51  4:13  Roach x2  
  51  4:16  Roach  
  59  4:18  Roach  
  59  4:21  Roach  
  63  4:24  Roach  
  63  4:28  Roach x2  
  69  4:33  Roach  
  69  4:36  Roach  
  73  4:39  Roach  
  73  4:41  Overlord  
  73  4:45  Roach  
  77  4:48  Roach  
  79  4:54  Overlord  
  79  4:55  Roach  
  81  5:01  Roach x2  
  85  5:07  Queen  
  85  5:10  Roach  
  89  5:15  Roach  
  91  5:25  Roach x2  
  91  5:27  Roach  
  93  5:29  Roach  
  93  5:32  Roach  
  87  5:37  Roach  
  87  5:42  Roach  
  85  5:43  Queen  
  85  5:47  Roach  
  81  5:50  Roach  
  79  6:00  Roach x2  
  83  6:05  Roach  
  83  6:09  Roach  
  79  6:16  Roach  
  77  6:20  Roach  
  77  6:25  Roach  
  75  6:26  Hatchery  
  75  6:28  Roach  
  76  6:33  Roach, Zergling x6  
Show
View Real Time Build Order
Export as new Build Order

Elazer Zerg 

Build Orders: Hatch First 

Get SALT Encoding   

  12  0:00  Drone  
  13  0:12  Overlord  
  13  0:17  Drone  
  14  0:30  Drone x2  
  16  0:48  Hatchery  
  15  0:51  Drone  
  15  0:55  Drone  
  17  0:58  Drone  
  18  1:09  Extractor  
  17  1:13  Spawning Pool  
  17  1:16  Drone  
  17  1:20  Drone  
  18  1:28  Drone  
  19  1:38  Drone  
  20  1:49  Overlord  
  20  2:00  Queen  
  20  2:01  Queen, Zergling x2  
  23  2:02  Drone  
  26  2:09  Metabolic Boost  
  26  2:10  Drone  
  26  2:12  Drone  
  28  2:21  Drone  
  28  2:22  Drone  
  30  2:32  Drone x2  
  32  2:41  Hatchery  
  31  2:45  Drone  
  31  2:47  Drone  
  33  2:51  Baneling Nest  
  33  2:54  Overlord  
  33  2:57  Drone  
  33  3:04  Drone  
  34  3:10  Drone  
  34  3:12  Queen  
  38  3:14  Drone  
  38  3:15  Drone  
  38  3:16  Drone  
  38  3:19  Overlord  
  41  3:20  Drone  
  41  3:26  Zergling x2  
  43  3:30  Evolution Chamber  
  43  3:31  Zergling x2  
  43  3:37  Zergling x2  
  43  3:38  Lair  
  43  3:40  Zergling x2  
  45  3:42  Drone x3  
  45  3:44  Extractor  
  45  3:45  Overlord  
  45  3:46  Drone  
  48  3:49  Drone  
  48  3:50  Drone  
  48  3:51  Drone  
  48  3:55  Roach Warren  
  50  3:59  Zerg Missile Weapons Level 1  
  50  4:00  Drone  
  51  4:03  Extractor, Drone  
  51  4:04  Drone  
  52  4:11  Overlord  
  52  4:12  Drone x2  
  52  4:15  Drone  
  52  4:16  Drone  
  56  4:18  Overlord  
  56  4:23  Overlord  
  56  4:34  Roach  
  56  4:35  Roach x5  
  68  4:39  Roach  
  68  4:40  Roach  
  72  4:46  Roach x2  
  72  4:48  Roach  
  72  4:52  Roach, Overlord  
  80  4:56  Spine Crawler  
  78  5:00  Roach  
  78  5:01  Roach x2  
  78  5:03  Roach  
  88  5:07  Roach  
  88  5:08  Overlord  
  88  5:12  Roach  
  90  5:15  Roach x2  
  90  5:30  Roach x4  
  90  5:34  Roach x2  
  86  5:39  Roach  
  86  5:40  Queen  
  78  5:47  Roach x3  
  74  5:53  Roach x2  
  72  5:58  Roach  
  72  5:59  Roach  
  72  6:00  Queen  
  72  6:01  Queen  
  74  6:05  Roach  
  73  6:12  Roach  
  73  6:13  Roach  
  73  6:14  Zergling x2  
  70  6:22  Roach x2  
  63  6:26  Roach  
  63  6:27  Roach  
  63  6:31  Roach  
Tags
 
Add a new tag
Caveats
  • Supply blocks, unpowered buildings, or Contaminate may cause inaccurate times.
  • Supply counts are checked every 10 seconds.